Map: Catalyst LE

Players

Harstem - Winner!

  • Race: Protoss Protoss
  • Spawn Location: 5:00

Rail

  • Race: Protoss Protoss
  • Spawn Location: 11:00

Event: WCS Valencia 2018

VOD

Have the link to the VOD?

Description

Time

  • Played on: July 12, 2018, 10:47 a.m.
  • Length: 5:50

All games in this series

Show
View Real Time Build Order
Export as new Build Order

Harstem Protoss - Winner!

Build Orders:  

Get SALT Encoding   

  12  0:00  Probe  
  13  0:12  Probe  
  14  0:17  Pylon  
  14  0:24  Probe  
  15  0:32  Probe  
  15  0:37  Gateway  
  15  0:40  Probe  
  16  0:49  Assimilator  
  17  0:50  Probe  
  17  0:55  Assimilator  
  18  0:58  Probe  
  19  1:07  Gateway, Probe  
  20  1:18  Probe  
  20  1:24  Cybernetics Core  
  21  1:30  Probe  
  22  1:34  Pylon  
  22  1:42  Probe  
  23  1:55  Probe  
  23  2:01  Warp Gate, Adept x2  
  28  2:06  Pylon  
  28  2:31  Robotics Facility  
  28  2:32  Stalker  
  28  2:36  Stalker  
  32  3:03  Nexus  
  32  3:08  Immortal  
  36  3:27  Gateway  
  36  3:34  Pylon  
  36  3:41  Shield Battery  
  38  4:04  Immortal  
  38  4:06  Sentry, Stalker  
  42  4:19  Probe  
  43  4:25  Sentry  
  43  4:26  Probe  
  43  4:27  Shield Battery  
  46  4:35  Probe  
  47  4:38  Probe  
  47  4:40  Observer  
  48  4:47  Stalker  
  48  4:52  Pylon  
  53  4:59  Immortal, Sentry  
  53  5:00  Shield Battery  
  57  5:18  Sentry  
  56  5:23  Shield Battery  
  56  5:33  Stalker  
  56  5:34  Stalker  
Show
View Real Time Build Order
Export as new Build Order

Rail Protoss 

Build Orders:  

Get SALT Encoding   

  12  0:00  Probe  
  13  0:12  Probe  
  14  0:18  Pylon  
  14  0:24  Probe  
  15  0:32  Probe  
  15  0:38  Gateway  
  15  0:40  Probe  
  16  0:47  Assimilator  
  17  0:51  Probe  
  17  0:55  Assimilator  
  18  0:59  Probe  
  19  1:07  Probe  
  19  1:08  Gateway  
  19  1:17  Probe  
  20  1:25  Cybernetics Core  
  21  1:29  Probe  
  22  1:34  Pylon  
  22  1:41  Probe  
  22  1:43  Warp Gate  
  23  1:54  Probe  
  24  2:01  Stalker x2  
  28  2:06  Probe  
  29  2:15  Pylon  
  28  2:31  Stalker  
  28  2:33  Stalker  
  28  2:36  Shield Battery  
  32  2:45  Gateway  
  32  2:52  Shield Battery  
  32  3:01  Gateway  
  32  3:08  Stalker  
  34  3:19  Pylon  
  36  3:31  Pylon  
  36  3:38  Robotics Facility  
  34  3:47  Stalker  
  36  3:52  Stalker  
  38  4:00  Stalker  
  40  4:15  Sentry x2  
  42  4:17  Warp Prism  
  42  4:19  Stalker  
  46  4:32  Sentry  
  48  4:39  Pylon  
  48  4:48  Sentry  
  48  4:49  Adept  
  52  4:56  Adept  
  54  5:00  Pylon  
  54  5:07  Adept  
  54  5:12  Sentry  
  58  5:16  Adept  
  54  5:37  Adept x3  
  54  5:41  Adept  
Tags
 
Add a new tag
Caveats
  • Supply blocks, unpowered buildings, or Contaminate may cause inaccurate times.
  • Supply counts are checked every 10 seconds.